 Dungeon Crawl Stone Soup version 0.32-a0-520-g344ed53f66 (webtiles) character file.

Game seed: 10295067442791101123

1277959 AutarchDCSS the Iron Dragon (level 27, 258/258 HPs)
             Began as a Grey Draconian Conjurer on Feb 27, 2024.
             Was an Elder of Sif Muna.
             Escaped with the Orb
             ... and 3 runes on Feb 28, 2024!
             The game lasted 04:49:40 (141633 turns).

AutarchDCSS the Iron Dragon (DrCj)                Turns: 141633, Time: 04:49:40

Health: 258/258    AC: 32    Str: 10      XL:     27
Magic:  43/43      EV: 17    Int: 36 (37) God:    Sif Muna [****..]
Gold:   5352       SH: 21    Dex: 10      Spells: 14/59 levels left

rFire   + + .        y - staff of fire
rCold   + . .        M - +5 kite shield
rNeg    + . .        (body armour unavailable)
rPois   +            o - +1 hat
rElec   +            m - +4 dragonskin cloak
rCorr   +            r - +2 pair of gloves "Punwarr" {rPois Regen+ rCorr}
SInv    +            k - +2 pair of boots
Will    ++++.        N - amulet of Veom {RegenMP rElec rF+ Will+ SInv}
Stlth   +            J - ring of Baofugoi {rC+ Will+ Int+7}
HPRegen 1.43/turn    Y - ring of the Octopus King {rN+ HP+2 AC+2 EV+2 SH+2}
MPRegen 0.68/turn

%: no passive effects
@: studying Earth Magic
A: mud breath, mud-swimmer, AC +18, amphibious, unfitting armour, cold-blooded,
claws 1, clumsy 1, deterioration 1, mutation resistance 1
0: Orb of Zot
}: 3/15 runes: decaying, serpentine, silver
a: Mud Breath, Renounce Religion, Channel Magic, Forget Spell, Divine Exegesis


You escaped.
You worshipped Sif Muna.
Sif Muna was greatly pleased with you.
You visited 12 branches of the dungeon, and saw 50 of its levels.
You also visited: Ice Cave, Volcano and Wizlab.

You collected 8100 gold pieces.
You spent 2748 gold pieces at shops.

Inventory:

Hand Weapons
 b - the +8 trishula "Condemnation" {holy, anguish, *Noise Fly rN+}
   (You took it off a fire giant on level 2 of the Depths)

   rN+:       It protects you from negative energy.
   Fly:       It grants you flight.
   *Noise:    It may make a loud noise when swung.
Armour
 k - a +2 pair of boots (worn)
 m - the +4 dragonskin cloak (worn)
   (You took it off Tiamat on level 4 of the Realm of Zot)

   Avatar's Aegis: It grants the wearer a chance to resist fire, cold, poison,
   electricity, acid, and negative energy.
 o - a +1 hat (worn)
 r - the +2 pair of gloves "Punwarr" (worn) {rPois Regen+ rCorr}
   (You took it off Nikola on level 2 of the Swamp)

   rPois:     It protects you from poison Regen+: It increases your rate of
   health regeneration.
   rCorr:     It protects you from acid and corrosion.
 x - the +2 pair of gloves of Stoicism {MP+9}
   (You acquired it in a wizard's laboratory)

   MP+9:      It affects your magic capacity (+9).
 M - a +5 kite shield (worn)
Magical Staves
 a - a staff of earth
 y - a staff of fire (weapon)
 K - the staff of Luomor {rN+ Will+ Int+2 Conj Air}
   (You found it on level 5 of the Vaults)

   [staff of conjuration]

   Base accuracy: +5 Base damage: 5 Base attack delay: 1.2 This weapon's minimum
   attack delay (0.6) is reached at skill level 12.
   Int+2:     It affects your intelligence (+2).
   rN+:       It protects you from negative energy.
   Will+:     It increases your willpower.
   Conj:      It increases the power of your Conjurations spells.
   Air:       It increases the power of your Air spells.
   It falls into the 'Staves' category.
   It is a one-handed weapon.
Jewellery
 B - the ring "Ziatik" {rCorr Str+2 Dex+6}
   (You took it off a tengu conjurer on level 2 of the Depths)

   [ring of dexterity]

   Str+2:     It affects your strength (+2).
   Dex+6:     It affects your dexterity (+6).
   rCorr:     It protects you from acid and corrosion.
 F - a ring of wizardry
 J - the ring of Baofugoi (left hand) {rC+ Will+ Int+7}
   (You found it in an ice cave)

   [ring of protection from cold]

   Int+7:     It affects your intelligence (+7).
   rC+:       It protects you from cold.
   Will+:     It increases your willpower.
 N - the amulet of Veom (around neck) {RegenMP rElec rF+ Will+ SInv}
   (You bought it in a shop on level 2 of the Orcish Mines)

   [amulet of magic regeneration]

   RegenMP:   It increases your rate of magic regeneration.
   rF+:       It protects you from fire.
   rElec:     It insulates you from electricity.
   Will+:     It increases your willpower.
   SInv:      It lets you see invisible.
 O - the ring "Neroth" {EV+5 Slay+3 Stlth+}
   (You took it off an orc priest on level 9 of the Dungeon)

   [ring of evasion]

   EV+5:      It affects your evasion (+5).
   Slay+3:    It affects your accuracy & damage with ranged weapons and melee
   (+3).
   Stlth+:    It makes you more stealthy.
 P - the amulet "Pyskudar" {Reflect Dex+3 Slay+3 SH+5}
   (You took it off a necromancer on level 2 of the Depths)

   [amulet of reflection]

   Reflect:   It reflects blocked missile attacks.
   Dex+3:     It affects your dexterity (+3).
   Slay+3:    It affects your accuracy & damage with ranged weapons and melee
   (+3).
   SH+5:      It affects your SH (+5).
 W - a ring of protection from fire
 Y - a ring of the Octopus King (right hand) {rN+ HP+2 AC+2 EV+2 SH+2}
   (You found it on level 5 of the Lair of Beasts)

   [ring of positive energy]

   AC+2:      It affects your AC (+2).
   EV+2:      It affects your evasion (+2).
   rN+:       It protects you from negative energy.
   HP+2:      It affects your health (+2).
   SH+2:      It affects your SH (+2).
Wands
 i - a wand of roots (53)
 n - a wand of polymorph (16)
 D - a wand of charming (72)
 H - a wand of digging (12)
 L - a wand of quicksilver (45)
Scrolls
 d - a scroll of silence
 e - 13 scrolls of fear
 g - 19 scrolls of teleportation
 s - 12 scrolls of fog
 v - a scroll of revelation
 A - 6 scrolls of immolation
 E - 8 scrolls of blinking
 G - 6 scrolls of amnesia
 V - a scroll of butterflies
Potions
 c - 5 potions of brilliance
 f - 8 potions of heal wounds
 h - 21 potions of curing
 l - 7 potions of invisibility
 p - 8 potions of lignification
 q - 10 potions of resistance
 t - 9 potions of might
 u - 5 potions of ambrosia
 C - 6 potions of enlightenment
 I - 4 potions of mutation
 Q - 5 potions of magic
 S - 2 potions of cancellation
 T - 5 potions of haste
 X - 6 potions of attraction
Miscellaneous
 j - a lightning rod (4/4)
 w - a box of beasts
 z - a phantom mirror
 R - a phial of floods
 Z - a condenser vane


   Skills:
 * Level 22.7 Fighting
 - Level 6.0 Polearms
 - Level 11.2 Dodging
 - Level 5.2 Stealth
 - Level 18.6 Shields
 - Level 16.5 Spellcasting
 - Level 15.8 Conjurations
 - Level 6.0 Necromancy
 - Level 6.4 Translocations
 - Level 7.3 Fire Magic
 O Level 27 Earth Magic
 - Level 7.1 Alchemy
 - Level 19.2 Invocations
 + Level 11.9 Evocations


You had 14 spell levels left.
You knew the following spells:

 Your Spells              Type           Power      Damage    Failure   Level
a - Bombard               Conj/Erth      55%        9d9       1%          6
b - Borgnjor's Vile Clut  Necr/Erth      49%        N/A       1%          5
c - Iskenderun's Mystic   Conj/Tloc      83%        2d16      1%          4
d - Shatter               Erth           61%        3d45*     3%          9
e - Magic Dart            Conj           100%       1d8       0%          1
f - Passage of Golubria   Tloc           66%        N/A       1%          4
h - Blink                 Tloc           100%       N/A       1%          2
j - Starburst             Conj/Fire      53%        6d14      2%          6
l - Lehudib's Crystal Sp  Conj/Erth      55%        10d13     1%          8

Your spell library contained the following spells:

 Spells                   Type           Power      Damage    Failure   Level
 Foxfire                  Conj/Fire      100%       2x1d9     0%          1
 Sandblast                Erth           100%       2d20      0%          1
 Searing Ray              Conj           100%       2d8       0%          2
 Passwall                 Erth           100%       N/A       0%          3
 Stone Arrow              Conj/Erth      100%       3d13      0%          3
 Brom's Barrelling Bould  Conj/Erth      100%       2d11      0%          4
 Lee's Rapid Deconstruct  Erth           61%        3d28*     0%          5
 Apportation              Tloc           100%       N/A       1%          1
 Kiss of Death            Conj/Necr      100%       2d13      1%          1
 Necrotise                Necr           100%       1d9       1%          1
 Shock                    Conj/Air       100%       1d9       1%          1
 Slow                     Hex            100%       N/A       1%          1
 Sting                    Conj/Alch      100%       1d9       1%          1
 Summon Small Mammal      Summ           100%       N/A       1%          1
 Lesser Beckoning         Tloc           100%       N/A       1%          2
 Momentum Strike          Conj/Tloc      100%       3d10      1%          2
 Scorch                   Fire           100%       2d9       1%          2
 Static Discharge         Conj/Air       100%       3-8/arc   1%          2
 Sublimation of Blood     Necr           64%        N/A       1%          2
 Dazzling Flash           Conj/Hex       100%       N/A       1%          3
 Fugue of the Fallen      Necr           64%        N/A       1%          3
 Hailstorm                Conj/Ice       72%        3d13      1%          3
 Inner Flame              Hex/Fire       71%        N/A       1%          3
 Mephitic Cloud           Conj/Alch/Air  71%        N/A       1%          3
 Teleport Other           Tloc           66%        N/A       1%          3
 Vampiric Draining        Necr           64%        2d10      1%          3
 Volatile Blastmotes      Fire/Tloc      100%       2d18      1%          3
 Animate Dead             Necr           64%        N/A       1%          4
 Dispel Undead            Necr           64%        3d22      1%          4
 Flame Wave               Conj/Fire      100%       2d21      1%          4
 Fulminant Prism          Conj/Alch      42%        3d19      1%          4
 Ignite Poison            Fire/Alch      89%        N/A       1%          4
 Leda's Liquefaction      Alch/Erth      50%        N/A       1%          4
 Manifold Assault         Tloc           66%        N/A       1%          4
 Olgreb's Toxic Radiance  Alch           69%        N/A       1%          4
 Petrify                  Alch/Erth      100%       N/A       1%          4
 Sticky Flame             Fire/Alch      89%        2d13      1%          4
 Fireball                 Conj/Fire      53%        3d21      1%          5
 Irradiate                Conj/Alch      42%        3d25      1%          5
 Iskenderun's Battlesphe  Conj           97%        2d14      1%          5
 Arcjolt                  Conj/Air       36%        1d46      2%          5
 Orb of Destruction       Conj           48%        9d13      2%          7
 Call Imp                 Summ           58%        N/A       3%          2
 Ensorcelled Hibernation  Hex/Ice        58%        N/A       3%          2
 Jinxbite                 Hex            58%        N/A       3%          2
 Alistair's Intoxication  Alch           46%        N/A       3%          5
 Summon Blazeheart Golem  Fire/Summ      71%        N/A       4%          4
 Curse of Agony           Necr           64%        N/A       4%          5
 Dimensional Bullseye     Hex/Tloc       26%        N/A       5%          4
 Vhi's Electric Charge    Tloc/Air       100%       N/A       5%          4
 Call Canine Familiar     Summ           29%        N/A       6%          3
 Confusing Touch          Hex            29%        N/A       6%          3
 Ozocubu's Armour         Ice            29%        N/A       6%          3
 Sigil of Binding         Hex            29%        N/A       6%          3
 Summon Ice Beast         Ice/Summ       29%        N/A       6%          3
 Swiftness                Air            29%        N/A       6%          3
 Tukima's Dance           Hex            29%        N/A       6%          3
 Anguish                  Hex/Necr       25%        N/A       6%          4
 Martyr's Knell           Necr/Summ      51%        N/A       6%          4
 Conjure Ball Lightning   Conj/Air       36%        3x3d12    12%         6
 Yara's Violent Unravell  Hex/Alch       26%        3d11      13%         5
 Eringya's Noxious Bog    Alch           34%        4d6       16%         6
 Airstrike                Air            14%        2d(3-19)  21%         4
 Cause Fear               Hex            14%        N/A       21%         4
 Death Channel            Necr           32%        N/A       26%         6
 Metabolic Englaciation   Hex/Ice        14%        N/A       50%         5
 Silence                  Hex/Air        14%        N/A       50%         5
 Summon Mana Viper        Hex/Summ       29%        N/A       50%         5
 Plasma Beam              Fire/Air       35%        2x1d49    54%         6
 Spellforged Servitor     Conj/Summ      36%        N/A       54%         7
 Sculpt Simulacrum        Ice/Alch       26%        N/A       56%         6
 Summon Cactus Giant      Summ           14%        N/A       97%         6
 Haunt                    Necr/Summ      25%        N/A       99%         7
 Malign Gateway           Summ/Tloc      26%        N/A       99%         7
 Ignition                 Fire           45%        3d13      99%         8
 Enfeeble                 Hex            14%        N/A       100%        7
 Monstrous Menagerie      Summ           14%        N/A       100%        7
 Summon Hydra             Summ           14%        N/A       100%        7
 Borgnjor's Revivificati  Necr           32%        N/A       100%        8
 Disjunction              Tloc           33%        N/A       100%        8
 Maxwell's Capacitive Co  Air            14%        ∞         100%        8
 Death's Door             Necr           32%        N/A       100%        9
 Fire Storm               Conj/Fire      53%        8d13      100%        9
 Animate Armour           Summ/Erth      Unusable   N/A       N/A         4

Dungeon Overview and Level Annotations

Branches:
Dungeon (15/15)            Temple (1/1) D:4            Lair (5/5) D:11
  Swamp (4/4) Lair:2        Snake (4/4) Lair:2        Slime (0/5) Lair:5
    Orc (2/2) D:11            Elf (3/3) Orc:2        Vaults (5/5) D:14
  Crypt (1/3) Vaults:3     Depths (4/4) D:15           Hell (visited)
    Zot (5/5) Depths:4      IceCv (visited)         Volcano (visited)
 WizLab (visited)
    Dis: Hell:1         Geh: Hell:1         Coc: Hell:1         Tar: Hell:1

Altars:
Ashenzari
Cheibriados
Dithmenos
Elyvilon
Fedhas
Gozag
Hepliaklqana
Kikubaaqudgha
Makhleb
Nemelex Xobeh
Okawaru
Qazlal
Ru
Sif Muna
Trog
Uskayaw
Vehumet
Wu Jian
Xom
Yredelemnul
Zin
The Shining One
Beogh
Jiyva

Shops:
D:13 *   Orc:2 (=*?   Elf:2 [   Snake:1 *([   Snake:4 ?   Vaults:2 =
Vaults:3 :   Vaults:5 *   Depths:1 (!=[*

Portals:
Hell: Depths:1 Depths:2 Depths:3 Depths:4
Abyss: Depths:1 Depths:2 Depths:3 Depths:4
Pandemonium: Orc:2 Depths:2
Ziggurat: Depths:1
Trove: D:11 (give 11 potions of heal wounds)

Annotations:
D:7 1 runed translucent door, exclusion: oklob plant, Crazy Yiuf
D:9 1 transporter
D:14 1 exclusion, Louise
Swamp:2 Bai Suzhen; Roxanne
Swamp:4 3 runed translucent doors, Qaseokh's ghost, adept TeSu
Elf:2 3 runed translucent doors


Innate Abilities, Weirdness & Mutations

You can breathe torrents of mud.
You are unimpeded by mud.
Your dull iron-grey scales are very hard. (AC +18)
You are amphibious.
You cannot fit into any form of body armour.
You are cold-blooded and may be slowed by cold attacks.
You have sharp fingernails.
You are clumsy. (Dex -2)
Your body sometimes deteriorates upon taking damage.
You are somewhat resistant to further mutation.


Message History

Aiming: Lehudib's Crystal Spear (mildly dangerous; 1% risk of failure)
Press: ? - help, Shift-Dir - straight line, f - Hell Sentinel
Aim: a Hell Sentinel (moderately wounded, 98% to hit)
The crystal spear hits the Hell Sentinel!!!
The Hell Sentinel is severely wounded.
You block the Hell Sentinel's attack. x2
Casting: Lehudib's Crystal Spear (mildly dangerous; 1% risk of failure)
Confirm with . or Enter, or press ? or * to list all spells.
Aiming: Lehudib's Crystal Spear (mildly dangerous; 1% risk of failure)
Press: ? - help, Shift-Dir - straight line, f/p - Hell Sentinel
Aim: a Hell Sentinel (severely wounded, 98% to hit)
The crystal spear hits the Hell Sentinel!!!
You kill the Hell Sentinel!
Sif Muna accepts your kill.
There is a stone staircase leading up here.
You climb upwards.
There is a stone staircase leading down here.
Aiming: Dig
Press: ? - help, Shift-Dir - straight line A rock wall.
This square is covered in magical glow.
The rock shatters into small pieces.
You feel less invigorated.
There is an escape hatch in the floor here.
There is a stone staircase leading up here.
You climb upwards.
There is a stone staircase leading down here.
Aiming: Dig
Press: ? - help, Shift-Dir - straight line A rock wall.
This square is covered in magical glow.
The rock shatters into small pieces.
Aiming: Dig
Press: ? - help, Shift-Dir - straight line You can't see that place.
The rock shatters into small pieces.
You see here a +0 helmet.
There is an open door here.
There is a staircase leading out of the dungeon here.
You have escaped!

............###.##
#..............[.########
#.......................#
..........÷.###ß'ß###...#
...........##≈~~.~≈≈##..#
..........##~≈~...~~≈##.#
.........##≈~P..ß..P~≈###
.........#≈~~.......≈~~#
.........#≈P.ß..@..ß.P≈#
.........#≈≈~.......~~~#
#..÷.....##≈~P..ß..P~≈###
#.........##~~~.P.~~~##.#
#..........##≈≈~.~≈≈##..#
#...........###ß'ß###...#
#.........######.######.#
#.........###...........#
#.........##..###########


There were no monsters in sight!

Vanquished Creatures
  A dread lich (Zot:5)
  Frederick (Vaults:5)
  4 orbs of fire
  Tiamat (Zot:4)
  3 ancient liches (Vaults:5)
  Mara (Elf:3)
  Parghit (Depths:3)
  5 Killer Klowns
  Saint Roka (Vaults:5)
  4 caustic shrikes
  4 curse toes
  Geryon (Hell)
  4 golden dragons
  Nikola (Swamp:2)
  A bone dragon (Swamp:4)
  4 electric golems
  A Brimstone Fiend (Zot:5)
  A pandemonium lord (Zot:5)
  A hellephant (Hell)
  15 tentacled monstrosities
  Mlioglotl (Swamp:1)
  Rupert (D:13)
  A Hell Sentinel (D:3)
  A walking crystal tome (Depths:3)
  3 liches (Depths:2)
  23 Orb Guardians
  4 titans (Vaults:5)
  A walking earthen tome (Depths:3)
  3 quicksilver dragons
  3 deep elf blademasters
  A deep elf master archer (Elf:3)
  4 searing wretches (Hell)
  A tentacled starspawn (WizLab)
  An acid blob (Depths:3)
  2 death cobs
  8 sphinxes
  7 tengu reavers
  10 draconian monks
  12 storm dragons
  4 nagarajas
  A thorn hunter (Swamp:3)
  4 rockslimes
  8 shadow dragons
  A revenant (Crypt:1)
  8 protean progenitors
  Donald (Swamp:1)
  9 azure jellies
  Aizul (Snake:1)
  The ghost of Implojin the Nimble, an adept CoBr of Gozag (Orc:2)
  8 draconian knights
  5 deep elf sorcerers
  13 fire giants
  11 draconian shifters
  8 draconian scorchers
  3 deep elf elementalists (Elf:3)
  9 frost giants
  13 vault wardens
  An iron dragon (Vaults:5)
  4 draconian stormcallers
  3 ghouls
  A curse skull (Crypt:1)
  4 demonspawn corrupters (WizLab)
  A caustic shrike zombie (Hell)
  2 ghost moths
  A reaper (D:3)
  11 draconian annihilators
  8 quicksilver oozes
  2 spriggan defenders (Depths:2)
  17 stone giants
  2 formless jellyfish
  18 ironbound preservers
  5 deep elf demonologists
  5 eleionomae
  15 black draconians
  12 green draconians
  11 red draconians
  6 vampire knights
  A lorocyproca (Hell)
  22 very ugly things
  7 bunyips
  6 deep elf annihilators
  4 ironbound thunderhulks
  Azrael (D:13)
  12 purple draconians
  6 dire elephants
  10 deep elf death magi
  12 war gargoyles
  3 spark wasps (Depths:2)
  17 white draconians
  13 yellow draconians
  Snorg (D:14)
  13 ettins
  2 jiangshi (Crypt:1)
  A mummy priest (Hell)
  5 entropy weavers
  9 fire dragons
  A crystal guardian (Vaults:4)
  An entropy weaver (shapeshifter) (D:14)
  15 great orbs of eyes
  16 yaktaur captains
  7 deep elf high priests
  35 vault guards
  4 rakshasas (Depths:3)
  10 hydras
  10 ice dragons
  2 hell beasts (Depths:1)
  6 ogre magi
  2 peacekeepers
  An alligator (shapeshifter) (Depths:2)
  6 spriggan air magi
  2 catoblepae
  A merfolk avatar (Lair:5)
  An anaconda (shapeshifter) (Depths:3)
  2 demonspawn (Orc:2)
  5 ghost crabs
  A juggernaut simulacrum (Depths:1)
  8 alligators
  5 ironbound frosthearts
  A merfolk aquamancer (WizLab)
  A stoker (Hell)
  7 two-headed ogres
  A death knight (Vaults:3)
  10 death yaks
  4 boulder beetles
  21 dancing weapons
  9 anacondas
  14 centaur warriors
  8 tengu warriors
  6 deep troll shamans
  17 deep troll earth magi
  2 demonic crawlers
  The ghost of audacious124 the Slicer, a novice CoGl of Beogh (D:9)
  3 vampire magi
  6 occultists
  13 sun demons
  11 naga warriors
  A titan zombie (Crypt:1)
  10 orc high priests
  5 hell hogs
  18 hell knights
  7 spriggan berserkers
  Sonja (Lair:5)
  7 shock serpents
  13 naga sharpshooters
  Urug (D:10)
  8 deep elf knights
  Nergalle (Lair:2)
  2 shadow wraiths
  9 iron trolls
  A skyshark (Lair:2)
  7 salamander mystics
  A soul eater (Depths:2)
  4 skeletal warriors (D:14)
  A sixfirhy (Orc:2)
  A spectral bunyip (Swamp:4)
  A deep troll (shapeshifter) (Depths:3)
  9 glowing orange brains
  7 naga ritualists
  A mana viper (shapeshifter) (Depths:2)
  2 flayed ghosts
  11 mana vipers
  6 goliath frogs
  5 spectral hydras (Swamp:4)
  A sea snake (shapeshifter) (Depths:4)
  An orb spider (shapeshifter) (Vaults:5)
  The ghost of nikkithebee the Cudgeller, a novice DjSh of Nemelex Xobeh (D:7)
  15 arcanists
  A glowing orange brain (shapeshifter) (Depths:3)
  17 ironbound convokers
  57 deep trolls
  3 spriggan druids
  3 swamp dragons
  A spectral alligator (Swamp:4)
  A shadow dragon zombie (Hell)
  3 harpies
  9 deep elf archers
  12 phantasmal warriors
  A steelbarb worm (shapeshifter) (Vaults:5)
  22 deep elf zephyrmancers
  8 bog bodies
  7 thermic dynamos
  A tengu skeleton (Depths:1)
  8 orc knights
  2 orange crystal statues
  A frost giant zombie (Hell)
  9 necromancers
  7 orc sorcerers
  An alligator zombie (Swamp:4)
  4 lindwurms
  17 deep elf pyromancers
  An iron dragon zombie (Hell)
  38 ugly things
  5 cyclopes
  5 shining eyes
  3 stone giant zombies (Hell)
  2 worldbinders (WizLab)
  3 will-o-the-wisps
  38 salamanders
  Maurice (D:8)
  An ice statue (D:7)
  18 elephants
  27 moths of wrath
  A shining eye (shapeshifter) (Vaults:5)
  A guardian serpent (shapeshifter) (Depths:2)
  2 manticores
  23 vault sentinels
  28 black mambas
  A water nymph (shapeshifter) (Vaults:5)
  5 rust devils (Hell)
  A frost giant skeleton (Vaults:1)
  7 guardian serpents
  A torpor snail (Lair:3)
  An eye of devastation (Depths:1)
  14 naga magi
  A stone giant skeleton (Depths:1)
  A yaktaur zombie (Vaults:1)
  2 unseen horrors
  A gargoyle (D:12)
  A hellion (Depths:3)
  10 cane toads
  An efreet (Depths:4)
  5 freezing wraiths
  Maggie (D:8)
  6 rime drakes
  7 komodo dragons
  22 yaktaurs
  A rime drake (shapeshifter) (Vaults:5)
  12 tengu conjurers
  7 ice devils (Hell)
  5 swamp worm zombies (Swamp:4)
  An iron troll skeleton (Crypt:1)
  4 hydra zombies (Swamp:4)
  3 red devils
  12 trolls
  10 hornets
  9 polar bears
  A tyrant leech (shapeshifter) (Vaults:5)
  7 tyrant leeches
  9 bloated husks
  A hellwing (Depths:2)
  A polar bear (shapeshifter) (D:13)
  A glass eye (Depths:3)
  2 spectral swamp dragons (Swamp:4)
  22 blink frogs
  An ettin zombie (Hell)
  2 spriggan zombies (Hell)
  A human simulacrum (Vaults:1)
  48 slime creatures
  A fire giant simulacrum (Depths:1)
  6 air elementals
  A jumping spider (Vaults:3)
  9 spriggans
  3 water elementals
  40 yaks
  4 tyrant leech zombies (Swamp:4)
  3 golden eyes (Depths:3)
  7 wyverns
  2 steam dragons
  3 neqoxecs
  6 fire elementals
  4 vampires
  6 basilisks
  3 wargs (Orc:2)
  A redback (Vaults:3)
  48 nagas
  15 vampire mosquitoes
  4 tengu zombies
  2 glowing shapeshifter zombies
  3 hell hounds (D:13)
  13 swamp worms
  13 water moccasins
  5 great orb of eyes simulacra (IceCv)
  42 orc warriors
  2 black bears
  2 swamp drakes
  2 sky beasts (D:7)
  A human zombie (Vaults:1)
  3 ice beasts
  An ettin simulacrum (Depths:1)
  7 laughing skulls
  19 centaurs
  4 ogres
  4 boggarts (Vaults:2)
  5 wolves (Lair:2)
  3 swamp dragon zombies (Swamp:4)
  12 phantoms
  8 slime creature simulacra (IceCv)
  A gnoll sergeant (D:9)
  17 bullfrogs
  3 glowing shapeshifter simulacra (IceCv)
  6 scorpions
  An earth elemental (Elf:2)
  13 wights
  A raiju zombie (Crypt:1)
  A killer bee (D:7)
  2 vampire bats (D:8)
  4 lava snakes
  3 quasits (D:9)
  A jelly (D:6)
  4 hounds
  23 orc priests
  2 iguanas (D:5)
  4 sleepcaps
  Ijyb (D:5)
  Natasha (thrice) (D:4)
  16 orc wizards
  2 hell rats (Hell)
  6 adders
  6 gnolls
  2 shadow imps
  3 white imps
  3 dart slugs
  2 ribbon worms (D:3)
  69 orcs
  11 bats
  4 endoplasms
  3 giant cockroaches
  4 goblins
  6 hobgoblins
  5 quokkas
  9 ball pythons
  A frilled lizard (D:3)
  2 kobolds (D:3)
  6 rats
  16 aspiring fleshes
  3 fulminant prisms
2184 creatures vanquished.

Vanquished Creatures (collateral kills)
  A black mamba (Lair:4)
  A yak (D:10)
  An orc (D:10)
3 creatures vanquished.

Vanquished Creatures (others)
  An ettin (Vaults:5)
  A deep elf knight (Elf:2)
  A spriggan druid (Swamp:4)
  A deep elf zephyrmancer (Elf:1)
  A black mamba (Snake:4)
  A bloated husk (Swamp:3)
  A bullfrog (D:7)
  An orc priest (Orc:2)
  12 foxfires
  392 fulminant prisms
412 creatures vanquished.

Grand Total: 2599 creatures vanquished

Notes
Turn   | Place    | Note
-------+----------+-------------------------------------------
     0 | D:1      | AutarchDCSS the Draconian Conjurer began the quest for the
                  | Orb.
     0 | D:1      | Reached XP level 1. HP: 14/14 MP: 3/3
   231 | D:1      | Reached XP level 2. HP: 16/20 MP: 1/5
   857 | D:1      | Learned a level 2 spell: Searing Ray
  1418 | D:2      | Found a faded altar of an unknown god.
  1499 | D:2      | Reached XP level 3. HP: 26/26 MP: 2/7
  2488 | D:3      | Reached skill level 5 in Conjurations
  2547 | D:3      | Reached XP level 4. HP: 27/33 MP: 8/8
  3710 | D:4      | Reached XP level 5. HP: 38/38 MP: 9/9
  3787 | D:4      | Found a staircase to the Ecumenical Temple.
  3813 | D:4      | Reached skill level 1 in Fighting
  3872 | D:4      | Noticed a phantom
  3880 | D:4      | Killed a phantom
  3881 | D:4      | Reached XP level 6. HP: 44/51 MP: 10/10
  4107 | D:4      | Noticed Natasha
  4111 | D:4      | Killed Natasha
  4145 | D:4      | Noticed Natasha
  4149 | D:4      | Killed Natasha
  4486 | D:4      | Noticed Natasha
  4493 | D:4      | Killed Natasha
  4494 | D:4      | Reached skill level 5 in Fighting
  4746 | D:5      | Entered Level 5 of the Dungeon
  4769 | D:5      | Your scales start taking on a dull iron-grey colour.
  4769 | D:5      | Reached XP level 7. HP: 61/62 MP: 7/11
  5052 | Temple   | Entered the Ecumenical Temple
  5100 | Temple   | Became a worshipper of Sif Muna the Loreminder
  5318 | D:5      | Found the +2 ratskin cloak {*Rats rPois rN+ Str-1 Int-1
                  | Dex+1}
  5741 | D:5      | Noticed Ijyb
  5748 | D:5      | Killed Ijyb
  5997 | D:6      | Reached XP level 8. HP: 68/75 MP: 12/12
  6660 | D:6      | Found a radiant altar of Vehumet.
  6660 | D:6      | Found an opulent altar of Gozag.
  6797 | D:6      | Learned a level 4 spell: Iskenderun's Mystic Blast
  6800 | D:6      | Reached skill level 10 in Fighting
  6935 | D:6      | Found a sacrificial altar of Ru.
  7589 | D:7      | Found a transporter.
  7593 | D:7      | Noticed an ice statue
  7595 | D:7      | Noticed nikkithebee's ghost (novice DjSh)
  7596 | D:7      | Noticed a troll
  7599 | D:7      | Found a transporter.
  7599 | D:7      | Noticed an oklob plant
  7624 | D:7      | Noticed a troll
  7743 | D:7      | Reached XP level 9. HP: 81/85 MP: 15/15
  7849 | D:7      | Found a broken altar of Ashenzari.
  8196 | D:7      | Found a runed translucent door.
  8197 | D:7      | Noticed Crazy Yiuf
  8549 | D:8      | Noticed Maggie
  8962 | D:8      | Noticed Maurice
  8963 | D:8      | Reached skill level 5 in Spellcasting
  9261 | D:8      | Maurice stole a +3 long sword
  9263 | D:8      | Something stole a ring of ice
  9270 | D:8      | Killed Maurice
  9601 | D:8      | Reached * piety under Sif Muna
 10146 | D:8      | Learned a level 4 spell: Fulminant Prism
 10208 | D:8      | Killed Maggie
 10755 | D:9      | Found a glowing silver altar of Zin.
 11004 | D:9      | Found a transporter.
 11084 | D:9      | Reached skill level 1 in Translocations
 11084 | D:9      | Reached skill level 1 in Alchemy
 11386 | D:9      | Found a transporter.
 11459 | D:9      | Found an ancient bone altar of Kikubaaqudgha.
 11518 | D:9      | Reached XP level 10. HP: 73/93 MP: 17/19
 12028 | D:9      | Noticed audacious124's ghost (novice CoGl)
 12550 | D:9      | Noticed an orc knight
 12567 | D:9      | Reached ** piety under Sif Muna
 12592 | D:9      | Killed an orc knight
 12724 | D:9      | Noticed an orc knight
 13492 | D:9      | Killed an orc knight
 13493 | D:9      | Reached skill level 5 in Shields
 13697 | D:9      | Identified the ring "Neroth" {EV+5 Slay+3 Stlth+}
 13743 | D:9      | Found a roughly hewn altar of Beogh.
 13837 | D:10     | Entered Level 10 of the Dungeon
 13841 | D:10     | Noticed Urug
 13855 | D:10     | Killed Urug
 14256 | D:10     | Found a sparkling altar of Nemelex Xobeh.
 14256 | D:10     | Found a basalt altar of Yredelemnul.
 14283 | D:10     | Reached XP level 11. HP: 75/99 MP: 20/20
 14718 | D:10     | Reached skill level 5 in Evocations
 15717 | D:10     | Reached skill level 5 in Alchemy
 15991 | D:11     | Reached *** piety under Sif Muna
 16676 | D:11     | Reached skill level 10 in Conjurations
 17350 | D:11     | Found a hazy altar of Hepliaklqana.
 17397 | D:11     | Found a staircase to the Orcish Mines.
 17443 | D:11     | Found a staircase to the Lair.
 17677 | D:11     | Found a portal to a secret trove of treasure.
 17727 | Lair:1   | Entered Level 1 of the Lair of Beasts
 18296 | Lair:1   | Reached skill level 5 in Translocations
 18298 | Lair:1   | Reached XP level 12. HP: 66/106 MP: 21/21
 19332 | Lair:2   | Found a staircase to the Swamp.
 19623 | Lair:2   | Reached **** piety under Sif Muna
 19914 | Lair:2   | Found a staircase to the Snake Pit.
 19919 | Lair:2   | Reached skill level 1 in Invocations
 20555 | Lair:2   | Noticed a four-headed hydra
 20581 | Lair:2   | Noticed Nergalle
 20595 | Lair:2   | Killed Nergalle
 20596 | Lair:2   | Reached skill level 5 in Invocations
 20844 | Lair:2   | Killed a four-headed hydra
 21254 | Lair:3   | Identified 2 scrolls of acquirement
 21254 | Lair:3   | Acquired the +0 cloak of Decompression {rElec rC+ Str-3
                  | Int+4}
 21256 | Lair:3   | Acquired 1099 gold pieces
 22154 | Lair:3   | Noticed a death yak
 22173 | Lair:3   | Noticed a five-headed hydra
 22187 | Lair:3   | Killed a death yak
 22188 | Lair:3   | Killed a five-headed hydra
 22452 | Lair:3   | Noticed a death yak
 22454 | Lair:3   | Noticed a death yak
 22472 | Lair:3   | Killed a death yak
 22474 | Lair:3   | Reached XP level 13. HP: 67/113 MP: 19/22
 22480 | Lair:3   | Reached skill level 10 in Invocations
 22812 | Lair:3   | Reached skill level 1 in Polearms
 23364 | Lair:4   | Found a dark tunnel.
 23369 | Volcano  | Entered a volcano
 23390 | Volcano  | Noticed a red draconian
 23408 | Volcano  | Killed a red draconian
 23417 | Volcano  | Reached skill level 5 in Polearms
 23512 | Volcano  | Paralysed by an ogre mage for 3 turns
 24546 | Lair:4   | You fall into a shaft and drop 1 floor!
 24546 | Lair:5   | Entered Level 5 of the Lair of Beasts
 24911 | Lair:5   | Noticed Sonja
 24926 | Lair:5   | Killed Sonja
 25077 | Lair:4   | Reached XP level 14. HP: 78/121 MP: 19/26
 26489 | Lair:5   | Reached ***** piety under Sif Muna
 26803 | Lair:5   | Found the ring of the Octopus King
 26992 | Lair:5   | Identified the +8 trident "Huthroku" {freeze, rN+ Int-5
                  | Dex+4}
 27000 | Lair:5   | Identified a ring of the Octopus King {rN+ HP+2 AC+2 EV+2
                  | SH+2}
 27253 | Lair:5   | Reached skill level 10 in Spellcasting
 27579 | Lair:5   | Found a staircase to the Slime Pits.
 29296 | D:13     | Found Nitzysch's Blood Bar.
 29576 | D:13     | Noticed Azrael
 29597 | D:13     | Received a gift from Sif Muna
 29624 | D:13     | Killed Azrael
 30016 | D:13     | Got Noxtemum's Grimoire of Tragic Destruction {god gift}
 30153 | D:13     | Noticed Rupert
 30176 | D:13     | Killed Rupert
 31321 | D:14     | Found a gate to the Vaults.
 31668 | D:14     | Reached XP level 15. HP: 138/138 MP: 12/29
 32022 | D:14     | Noticed Louise
 32149 | D:14     | Noticed Snorg
 32157 | D:14     | Killed Snorg
 32621 | Orc:1    | Entered Level 1 of the Orcish Mines
 32636 | Orc:1    | Found a roughly hewn altar of Beogh.
 32704 | Orc:2    | Entered Level 2 of the Orcish Mines
 33623 | Orc:2    | Reached skill level 15 in Fighting
 33640 | Orc:2    | Received a gift from Sif Muna
 33644 | Orc:2    | Got Lenul's Catalogue of Glowing Ashes {god gift}
 33649 | Orc:2    | Learned a level 3 spell: Stone Arrow
 33774 | Orc:2    | Found Isuc's Magic Scroll Shop.
 33777 | Orc:2    | Found Rashicirph's General Store.
 33798 | Orc:2    | Bought a scroll of identify for 26 gold pieces
 33798 | Orc:2    | Bought a scroll of identify for 26 gold pieces
 34209 | Orc:2    | Gained mutation: You have hidden genetic defects. [a
                  | neqoxec]
 34335 | Orc:2    | Reached skill level 5 in Dodging
 34668 | Orc:2    | Found Soijen's Antique Weapon Shoppe.
 34668 | Orc:2    | Found Kyvyupio's Jewellery Emporium.
 34669 | Orc:2    | Found a one-way gate leading to the halls of Pandemonium.
 34673 | Orc:2    | Bought the amulet of Veom {RegenMP rElec rF+ Will+ SInv}
                  | for 1033 gold pieces
 34797 | Orc:2    | Found a staircase to the Elven Halls.
 35112 | Orc:2    | Found a runed translucent door.
 35113 | Orc:2    | Noticed Implojin's ghost (adept CoBr)
 35580 | Orc:2    | Killed Implojin's ghost
 35581 | Orc:2    | Reached skill level 1 in Earth Magic
 35612 | Orc:2    | Identified the +7 spear of the Brewing Gods {heavy, Int+6}
 36093 | Snake:1  | Entered Level 1 of the Snake Pit
 36321 | Snake:1  | Gained mutation: You occasionally lose the ability to read
                  | scrolls when taking damage. [hidden defects]
 36600 | Snake:1  | Found Atio's General Store.
 36624 | Snake:1  | Found Qaeqiloj's Antique Weapon Emporium.
 36649 | Snake:1  | Found Uxtac's Antique Armour Boutique.
 37730 | Snake:1  | Identified the serpent talisman of Jileheadgh {Str+4 Dex-2
                  | SInv}
 37730 | Snake:1  | Noticed Aizul
 37741 | Snake:1  | Killed Aizul
 38135 | Snake:1  | Gained mutation: You are weak. (Str -2) [hidden defects]
 38135 | Snake:1  | Lost mutation: You have hidden genetic defects. [hidden
                  | defects expressed]
 38288 | Snake:2  | Received a gift from Sif Muna
 38289 | Snake:2  | Got Sif Muna's Excursus on Funereal Orientation {god gift}
 38818 | Snake:2  | You fall into a shaft and drop 1 floor!
 39522 | Snake:3  | Reached XP level 16. HP: 94/149 MP: 23/30
 42834 | Snake:4  | Entered Level 4 of the Snake Pit
 44544 | Snake:3  | Learned a level 4 spell: Passage of Golubria
 45338 | D:7      | Killed nikkithebee's ghost
 45704 | D:7      | Reached XP level 17. HP: 156/156 MP: 31/31
 47460 | Snake:4  | Reached skill level 15 in Conjurations
 47460 | Snake:4  | Reached skill level 2 in Earth Magic
 47939 | Snake:4  | Reached skill level 3 in Earth Magic
 48485 | Snake:4  | Reached skill level 4 in Earth Magic
 49259 | Snake:4  | Reached skill level 5 in Earth Magic
 49880 | Snake:4  | Reached XP level 18. HP: 163/163 MP: 32/32
 50357 | Snake:4  | Reached skill level 6 in Earth Magic
 50734 | Snake:4  | Reached skill level 7 in Earth Magic
 51675 | Snake:4  | Reached skill level 8 in Earth Magic
 52215 | Snake:4  | Found Riji's Magic Scroll Shop.
 52690 | Snake:4  | Got a serpentine rune of Zot
 52964 | Swamp:1  | Entered Level 1 of the Swamp
 52982 | Swamp:1  | Reached skill level 9 in Earth Magic
 53054 | Swamp:1  | Received a gift from Sif Muna
 53059 | Swamp:1  | Got Sif Muna's Compendium of Hurting {god gift}
 53091 | Swamp:1  | Reached skill level 10 in Earth Magic
 53135 | Swamp:1  | Noticed Mlioglotl
 53148 | Swamp:1  | Killed Mlioglotl
 53228 | Swamp:1  | Found a glacial archway.
 53401 | IceCv    | Entered an ice cave
 53769 | IceCv    | Learned a level 5 spell: Borgnjor's Vile Clutch
 54182 | IceCv    | Reached skill level 1 in Necromancy
 56203 | IceCv    | Reached skill level 5 in Necromancy
 56481 | IceCv    | Found a viscous altar of Jiyva.
 56504 | IceCv    | Got the ring of Baofugoi {rC+ Will+ Int+7}
 56638 | Swamp:1  | Learned a level 2 spell: Blink
 56638 | Swamp:1  | Noticed Donald
 56645 | Swamp:1  | Killed Donald
 57699 | Swamp:2  | Noticed Roxanne
 58156 | Swamp:2  | Identified the +2 pair of gloves "Punwarr" {rPois Regen+
                  | rCorr}
 58156 | Swamp:2  | Noticed Nikola
 58168 | Swamp:2  | Killed Nikola
 59280 | Swamp:3  | Reached skill level 11 in Earth Magic
 60300 | Swamp:3  | Noticed Bai Suzhen
 62196 | Swamp:3  | Identified the +11 orcbow of Patience {flame, rPois rF- rN+
                  | Int+3 Stlth+}
 63084 | Swamp:4  | Entered Level 4 of the Swamp
 63102 | Swamp:4  | Reached skill level 5 in Stealth
 63750 | Swamp:4  | Reached skill level 12 in Earth Magic
 64066 | Swamp:4  | Lost mutation: You occasionally lose the ability to read
                  | scrolls when taking damage. [potion of mutation]
 64066 | Swamp:4  | Lost mutation: You are weak. (Str -2) [potion of mutation]
 64066 | Swamp:4  | Gained mutation: You are agile. (Dex +4, Str/Int -1)
                  | [potion of mutation]
 64066 | Swamp:4  | Gained mutation: You have large cloven feet. [potion of
                  | mutation]
 64066 | Swamp:4  | Gained mutation: You sometimes lose your temper in combat.
                  | [potion of mutation]
 64067 | Swamp:4  | Lost mutation: You are agile. (Dex +4, Str/Int -1) [potion
                  | of mutation]
 64067 | Swamp:4  | Lost mutation: You have large cloven feet. [potion of
                  | mutation]
 64067 | Swamp:4  | Gained mutation: Your large and strong wings let you fly.
                  | [potion of mutation]
 64067 | Swamp:4  | Gained mutation: You have supernaturally acute eyesight.
                  | (SInv) [potion of mutation]
 64589 | Swamp:4  | Reached XP level 19. HP: 165/170 MP: 11/33
 65439 | Swamp:4  | Reached skill level 13 in Earth Magic
 65937 | Swamp:4  | Found a runed translucent gate.
 65937 | Swamp:4  | Found a runed translucent gate.
 65937 | Swamp:4  | Found a runed translucent gate.
 65938 | Swamp:4  | Noticed Qaseokh's ghost (adept TeSu)
 66758 | Swamp:4  | Noticed a bone dragon
 66803 | Swamp:4  | Killed a bone dragon
 66832 | Swamp:4  | Reached skill level 14 in Earth Magic
 67614 | Swamp:4  | Got a decaying rune of Zot
 68063 | Elf:1    | Entered Level 1 of the Elven Halls
 68573 | Elf:1    | Reached skill level 15 in Earth Magic
 69626 | Elf:1    | Got Cig War's Essays on the Mob
 70829 | Snake:4  | Bought a scroll of revelation for 142 gold pieces
 71425 | Elf:2    | Found Jisucimn's Antique Armour Emporium.
 71684 | Elf:2    | Received a gift from Sif Muna
 71685 | Elf:2    | Got Sif Muna's Grimoire of Blows {god gift}
 71758 | Elf:2    | Paralysed by an air elemental for 1 turns
 71836 | Elf:2    | Found a runed translucent gate.
 71837 | Elf:2    | Found a runed translucent gate.
 71837 | Elf:2    | Found a runed translucent gate.
 72288 | Elf:3    | Entered Level 3 of the Elven Halls
 73647 | Elf:3    | Found a shimmering blue altar of Sif Muna.
 74424 | Elf:3    | Noticed Mara
 74604 | Elf:3    | Identified the ring "Vycwes" {Dex+5 Slay+4}
 74697 | Elf:3    | Killed Mara
 74702 | Elf:3    | Reached XP level 20. HP: 149/178 MP: 38/38
 75656 | Elf:3    | Got the Compilation of Virulent Elsewhere
 75664 | Elf:3    | Identified the +4 longbow "Hathrab" {antimagic, rElec rC+
                  | Will+ Str+3}
 75690 | Elf:3    | Learned a level 8 spell: Lehudib's Crystal Spear
 75839 | Elf:3    | Got the Incunabulum of Promethean Necromancy
 75918 | Elf:3    | Identified the +6 shortbow of Sulphur {flame, Str+3 SInv
                  | Stlth+}
 76730 | D:15     | Entered Level 15 of the Dungeon
 76735 | D:15     | Found a staircase to the Depths.
 77451 | D:15     | Reached skill level 16 in Earth Magic
 78412 | Vaults:1 | Entered Level 1 of the Vaults
 79471 | Vaults:1 | Learned a level 6 spell: Eringya's Noxious Bog
 79538 | Vaults:1 | Reached skill level 17 in Earth Magic
 79569 | Vaults:1 | Found the +5 glaive of the Guard {elec, spectral}
 80043 | Vaults:1 | Learned a level 6 spell: Starburst
 80438 | Vaults:1 | Reached skill level 1 in Fire Magic
 80641 | Vaults:1 | Identified the +1 leather armour "Syviheen" {Int+2 SInv}
 80875 | Vaults:1 | Received a gift from Sif Muna
 80876 | Vaults:1 | Got Sif Muna's Teachings on Geomancy {god gift}
 81027 | Vaults:1 | Learned a level 6 spell: Bombard
 81258 | Vaults:1 | Reached skill level 5 in Fire Magic
 83475 | Vaults:2 | Identified the +7 dire flail "Giantbane" {heavy, rPois rF+
                  | Will- Dex+2}
 83482 | Vaults:2 | Reached skill level 18 in Earth Magic
 84185 | Vaults:2 | Received a gift from Sif Muna
 84625 | Vaults:2 | Reached skill level 19 in Earth Magic
 84798 | Vaults:2 | Found Waawn's Jewellery Boutique.
 84906 | Vaults:2 | Reached XP level 21. HP: 184/184 MP: 28/39
 85535 | Vaults:3 | Lost mutation: Your large and strong wings let you fly.
                  | [potion of mutation]
 85535 | Vaults:3 | Lost mutation: You sometimes lose your temper in combat.
                  | [potion of mutation]
 85535 | Vaults:3 | Lost mutation: You have supernaturally acute eyesight.
                  | (SInv) [potion of mutation]
 85535 | Vaults:3 | Gained mutation: You occasionally lose the ability to drink
                  | potions when taking damage. [potion of mutation]
 85535 | Vaults:3 | Gained mutation: Your health recovers twice as slowly from
                  | being drained. [potion of mutation]
 85535 | Vaults:3 | Gained mutation: You are somewhat resistant to further
                  | mutation. [potion of mutation]
 85579 | Vaults:3 | Reached skill level 20 in Earth Magic
 85628 | Vaults:3 | Found a magical portal.
 85638 | WizLab   | Entered Alistair's Party Mansion
 86808 | WizLab   | Reached skill level 21 in Earth Magic
 86853 | WizLab   | Noticed a golden dragon
 86854 | WizLab   | Noticed a golden dragon
 86899 | WizLab   | Acquired the +2 pair of gloves of Stoicism {MP+9}
 87123 | Vaults:3 | Found Oriodaf's Book Emporium.
 87316 | Vaults:3 | Identified the +7 quarterstaff of the Horn {flame, rElec
                  | rPois rF- Str+2}
 87589 | Vaults:3 | Found a staircase to the Crypt.
 87656 | Vaults:3 | Learned a level 9 spell: Shatter
 88164 | Vaults:3 | Reached skill level 22 in Earth Magic
 88858 | Vaults:4 | Reached skill level 23 in Earth Magic
 89215 | Vaults:4 | Paralysed by a formless jellyfish for 1 turns
 89222 | Vaults:4 | Received a gift from Sif Muna
 89613 | Vaults:4 | Identified the +0 dagger of the Wizarding Tiger {elec,
                  | Will- Int+5}
 91460 | Vaults:4 | Reached skill level 24 in Earth Magic
 91460 | Vaults:4 | Reached XP level 22. HP: 192/192 MP: 30/40
 91749 | Depths:1 | Entered Level 1 of the Depths
 91797 | Depths:1 | Found Burphoco's Jewellery Shoppe.
 91797 | Depths:1 | Found Vackutt's Distillery.
 91798 | Depths:1 | Found Xiazevurghee's Weapon Emporium.
 91802 | Depths:1 | Found Ynaladgh's Armour Shoppe.
 91813 | Depths:1 | Bought a potion of curing for 45 gold pieces
 91813 | Depths:1 | Bought a potion of heal wounds for 75 gold pieces
 91813 | Depths:1 | Bought a potion of curing for 45 gold pieces
 91813 | Depths:1 | Bought a potion of mutation for 120 gold pieces
 91813 | Depths:1 | Bought a potion of curing for 45 gold pieces
 92636 | Depths:1 | Found a one-way gateway to a ziggurat.
 92657 | Depths:1 | Found Lefemy's Assorted Antiques.
 92665 | Depths:1 | Bought a scroll of teleportation for 123 gold pieces
 92665 | Depths:1 | Bought a scroll of fog for 164 gold pieces
 92665 | Depths:1 | Bought a scroll of fog for 164 gold pieces
 92684 | Depths:1 | Found a one-way gate to the infinite horrors of the Abyss.
 92845 | Depths:1 | Gained mutation: You have sharp fingernails. [a shining
                  | eye]
 93231 | Depths:1 | Found a gateway to Hell.
 94027 | Depths:2 | Reached skill level 25 in Earth Magic
 94028 | Depths:2 | Noticed a caustic shrike
 94280 | Depths:1 | Killed a caustic shrike
 94979 | Depths:2 | Received a gift from Sif Muna
 95492 | Depths:2 | Reached skill level 26 in Earth Magic
 95760 | Depths:2 | Got Sif Muna's Omnibus of the Quarry {god gift}
 96839 | Depths:2 | Identified the +10 whip of Death's Door {speed, ^Drain rC+
                  | Will+}
 96993 | Depths:2 | Identified the +6 morningstar of the Lachrymose God {venom,
                  | ^Contam rN+ Str+2}
 96993 | Depths:2 | Identified the +1 robe of the Rose {rPois rN+}
 96993 | Depths:2 | Identified the ring "Ziatik" {rCorr Str+2 Dex+6}
 98244 | Depths:2 | Identified the amulet "Pyskudar" {Reflect Dex+3 Slay+3
                  | SH+5}
 98250 | Depths:2 | Reached skill level 27 in Earth Magic
 98849 | Depths:3 | Found a viscous altar of Jiyva.
 98850 | Depths:3 | Received a gift from Sif Muna
 99144 | Depths:3 | Reached XP level 23. HP: 178/211 MP: 1/41
101741 | Depths:3 | Reached skill level 10 in Shields
102356 | Depths:3 | Noticed Parghit
102487 | Depths:3 | Killed Parghit
102503 | Depths:3 | Received a gift from Sif Muna
102504 | Depths:3 | Got Poyck's Parchment of Fulgent Execration {god gift}
102862 | Depths:3 | Reached skill level 10 in Dodging
103301 | Depths:3 | Identified the +6 arbalest of the Ecumenical Temple {drain,
                  | rF++ Int+3 Dex-4 Stlth+}
104543 | Depths:3 | You fall into a shaft and drop 1 floor!
104543 | Depths:4 | Entered Level 4 of the Depths
105134 | Depths:4 | Noticed a caustic shrike
105135 | Depths:4 | Noticed a caustic shrike
105136 | Depths:4 | Noticed a caustic shrike
105393 | Depths:3 | Killed a caustic shrike
105730 | Depths:3 | Killed a caustic shrike
105769 | Depths:3 | Killed a caustic shrike
105891 | Depths:4 | Found an ornate altar of the Wu Jian Council.
105896 | Depths:4 | Identified the ring of Kyicka {rN++ Will+ rCorr}
107009 | Depths:4 | Reached XP level 24. HP: 224/224 MP: 11/41
107448 | Depths:4 | Found a gate to the Realm of Zot.
107591 | Depths:4 | Found the +8 storm bow {elec, penet}
108167 | D:9      | Killed audacious124's ghost
108338 | Orc:2    | Bought a potion of haste for 180 gold pieces
108570 | Vaults:5 | Entered Level 5 of the Vaults
109043 | Vaults:5 | Noticed an ancient lich
109045 | Vaults:5 | Reached skill level 15 in Shields
109045 | Vaults:5 | Killed an ancient lich
109045 | Vaults:5 | Received a gift from Sif Muna
109045 | Vaults:5 | Noticed Saint Roka
109049 | Vaults:5 | Killed Saint Roka
109346 | Vaults:5 | Identified the orb "Rulolit" {light, *Corrode rPois Necro}
109346 | Vaults:5 | Noticed Frederick
109349 | Vaults:5 | Killed Frederick
109415 | Vaults:5 | Noticed an ancient lich
109416 | Vaults:5 | Killed an ancient lich
110905 | Vaults:5 | Identified the +6 scimitar "Aricu" {heavy, ^Contam rCorr
                  | Dex+3 SInv}
110905 | Vaults:5 | Identified the amulet "Mexkiet" {RegenMP Will++ Str+3}
111217 | Vaults:5 | Noticed an ancient lich
111219 | Vaults:5 | Killed an ancient lich
111648 | Vaults:5 | Got Sif Muna's Guidebook on Spectres and the Mountains {god
                  | gift}
111746 | Vaults:5 | Identified the ring "Hiptebb" {Fly rN+ Slay+5}
111785 | Vaults:5 | Identified the staff of Luomor {rN+ Will+ Int+2 Conj Air}
111799 | Vaults:5 | Got a silver rune of Zot
111801 | Vaults:5 | Got Sif Muna's Discourse on Ruinous Places
111804 | Vaults:5 | Identified the +0 plate armour of Surr {*Corrode rC+ Str+4}
111814 | Vaults:5 | Identified the +0 quarterstaff of Laumeoxop {venom, rF+
                  | rCorr Dex+2}
111930 | Vaults:5 | Found Yryts's Assorted Antiques.
113123 | Crypt:1  | Entered Level 1 of the Crypt
113593 | Crypt:1  | Received a gift from Sif Muna
113594 | Crypt:1  | Got Sif Muna's Papyrus of Hyperborean Violence {god gift}
114318 | Vaults:5 | Bought 2 potions of mutation for 560 gold pieces
114318 | Vaults:5 | Lost mutation: Your health recovers twice as slowly from
                  | being drained. [potion of mutation]
114318 | Vaults:5 | Lost mutation: You occasionally lose the ability to drink
                  | potions when taking damage. [potion of mutation]
114318 | Vaults:5 | Gained mutation: Your body sometimes deteriorates upon
                  | taking damage. [potion of mutation]
114491 | Hell     | Entered the Vestibule of Hell
114491 | Hell     | Noticed Geryon
114493 | Hell     | Reached XP level 25. HP: 231/231 MP: 32/41
114639 | Hell     | Reached skill level 15 in Spellcasting
114857 | Hell     | Killed Geryon
115367 | Zot:1    | Entered Level 1 of the Realm of Zot
117887 | Zot:1    | Identified the +1 robe "Ofriqiha" {-Cast Fly rPois Regen+}
120188 | Zot:2    | Received a gift from Sif Muna
124973 | Zot:3    | Reached skill level 10 in Evocations
126401 | Zot:4    | Found the +4 dragonskin cloak
126401 | Zot:4    | Noticed Tiamat
127755 | Zot:4    | Reached skill level 15 in Invocations
128571 | Zot:4    | Reached XP level 26. HP: 242/242 MP: 8/43
132829 | Zot:4    | Killed Tiamat
133951 | Zot:5    | Entered Level 5 of the Realm of Zot
134531 | Zot:5    | Noticed an orb of fire
135125 | Zot:5    | Gained mutation: You are clumsy. (Dex -2) [an orb of fire]
135129 | Zot:4    | Killed an orb of fire
136057 | Zot:5    | Noticed an orb of fire
136318 | Zot:5    | Killed an orb of fire
137702 | Zot:5    | Noticed an orb of fire
137920 | Zot:5    | Killed an orb of fire
139939 | Zot:5    | Noticed an orb of fire
139943 | Zot:5    | Killed an orb of fire
140436 | Zot:5    | Noticed a dread lich
140438 | Zot:5    | Killed a dread lich
141114 | Zot:5    | Got the Orb of Zot
141125 | Zot:5    | Noticed Kaije the pandemonium lord
141129 | Zot:5    | Killed Kaije the pandemonium lord
141305 | Depths:2 | Reached XP level 27. HP: 256/256 MP: 35/43
141354 | D:14     | Noticed Qazineec the pandemonium lord
141633 | D:$      | Escaped with the Orb!

Illustrated notes

Levels and vault maps discovered:
D:1:      lightli_arrival_statuegarden, layout_rooms
D:2:      layout_loops_ring, serial_bayou, serial_bayou_pond_a,
          serial_bayou_pond_b, serial_bayou_shore_b, serial_bayou_pond_a,
          dreamdust_ecumenical_altar_hidden_monk_grotto, st_stairs_6,
          minmay_misc_feat_cross
D:3:      layout_basic
D:4:      layout_rooms, temple_statues, uniq_natasha
D:5:      layout_rooms, eino_tiny_chamber, uniq_ijyb
D:6:      layout_loops_ring, amcnicky_altar_gilded,
          gammafunk_temple_overflow_elements, minmay_misc_feat_columns,
          corexii_item_surrounded_by_moat
D:7:      layout_loops_ring, evilmike_ruin_ashenzari, nzn_ghost_randoct,
          uniq_crazy_yiuf_cottage
D:8:      layout_loops_corners, st_stairs_9, minivault_26, roderic_batcave,
          uniq_maggie, uniq_maurice
D:9:      layout_long_grid, nicolae_kikubaaqudgha_miasma_corner,
          mainiacjoe_overflow_boulevard, gammafunk_ghost_stat_death,
          lightli_church_of_beogh
D:10:     layout_long_grid, jmf_multi_god_temple, uniq_urug
D:11:     layout_rooms, grunt_lair_entry_orc_guard_hut, david_orc_4,
          nicolae_trove_entry_diagonal, worldfamousw_hep_ancestral_shrine
D:12:     layout_basic, minmay_tree_intersection
D:13:     layout_basic, guppyfry_shop_blood, uniq_rupert, uniq_azrael
D:14:     layout_roguey, david_vaults_4, uniq_snorg, uniq_louise
D:15:     grunt_enter_depths_giant_problem, layout_irregular_city, minivault_24
Temple:   nicolae_temple_bog_church
Lair:1:   layout_small_grid, grunt_megastairs_1
Lair:2:   cheibrodos_lair_river_kwai, layout_regular_city,
          skrybe_swamp_entry_bodies, nicolae_snake_entry_warm_welcome,
          grunt_forest_stairs_basic, grunt_megastairs_5, lemuel_fruit_tree,
          uniq_nergalle
Lair:3:   layout_hall_layers
Lair:4:   layout_cave_shapes, enter_volcano_1
Lair:5:   gammafunk_lair_ancient_temple, layout_gridlike,
          dpeg_slime_entry_enclosed, cheibrodos_lair_lostbears,
          grunt_megastairs_4, uniq_sonja
Swamp:1:  layout_basic_swamp, portal_ice_cave_entry_frozen_things,
          hangedman_swamp_ruin_wall, nicolae_swamp_tree_isthmus, uniq_mlioglotl,
          uniq_donald
Swamp:2:  layout_basic_swamp, evilmike_swamp_ruin_house_4, uniq_roxanne,
          uniq_nikola
Swamp:3:  layout_basic_swamp, nicolae_swamp_small_spring,
          infiniplex_staircase_pool, uniq_bai_suzhen
Swamp:4:  swamp_pestilence, layout_basic_swamp, gammafunk_ghost_hydra_chop,
          swamp_pool_1_2, hangedman_swamp_pad
Snake:1:  layout_cave_pods, serial_shops, nicolae_shop_tiny_real_fake_doors,
          nicolae_shop_tiny_real_fake_doors, nicolae_shop_window_shopping,
          uniq_aizul
Snake:2:  layout_grid_shapes
Snake:3:  layout_cave_town, nicolae_snake_salamander_zone
Snake:4:  johnstein_snake_rune_scales, layout_layer_cave, serial_shops, shop,
          drop_trap
Orc:1:    layout_diamond_mine, serial_shops, nicolae_lakefront_shop, basic_altar
Orc:2:    pf_orc_diabolical, layout_diamond_mine, gammafunk_ghost_grave
Elf:1:    minmay_elf_arrival_summoners, layout_geoelf_octagon,
          minmay_elf_demonology
Elf:2:    nicolae_elf_blades_crystal_corner, layout_loops_corners,
          nicolae_take_the_stairs
Elf:3:    grunt_elf_hall_diamonds, layout_onion_city, basic_altar,
          statue_in_the_mist_lemuel, minivault_25,
          minmay_checkered_concentric_circles, uniq_mara
Vaults:1: dpeg_vaults_monster_box, minmay_guarded_unrand_guard,
          ontoclasm_vaults_ring_small, nicolae_vaults_tangram_2,
          vaults_dpeg_diagonal, hangedman_vaults_stream, hangedman_vaults_pinch,
          nicolae_vaults_tetromino_T_1, ontoclasm_vaults_loading_screen,
          serial_ice_h, layout_vaults_omnicross
Vaults:2: nicolae_vaults_network_s, v_pattern_1, vaults_room_guarded_vault,
          grunt_vaults_twisty, v_rooms_6, nicolae_vaults_triangles,
          nicolae_vaults_alarming, nicolae_vaults_double_plus_1,
          nicolae_vaults_apartment_2, nicolae_vaults_house_2,
          layout_vaults_big_room, serial_shops, nicolae_shop_hallway_plus
Vaults:3: infiniplex_enter_wizlab_water, ontoclasm_vaults_bender,
          vaults_dpeg_cross, nicolae_vaults_enemy_cabinets, v_misc_2,
          minmay_crypt_entry_simple_box, nicolae_vaults_storage_room_statues,
          nicolae_vaults_closet_pinwheel_3, nicolae_vaults_ninety_degrees,
          ontoclasm_vaults_ring_square, nicolae_vaults_closet_pinwheel_3,
          layout_vaults_maze_bifur, serial_shops, nicolae_shop_advertising_works
          [nicolae_subvault_shop_adworks]
Vaults:4: nicolae_vaults_swerve, nicolae_vaults_offset_grid_hallway_2,
          hangedman_vaults_snaps, nicolae_vaults_little_squares_6,
          ontoclasm_vaults_loading_screen, st_hourglassy, v_misc_22,
          nicolae_vaults_rhombus_5, nicolae_vaults_storage_closets_1,
          vaults_room_grid, nicolae_vaults_ring_of_whatevers,
          layout_vaults_quadrants
Vaults:5: uniq_saint_roka, uniq_frederick
Crypt:1:  layout_misc_corridors, grunt_crypt_arrival_webbed, grunt_megastairs_3,
          lemuel_upstairs_altar, uniq_zenata, uniq_josephina
Depths:1: layout_gridlike, enter_ziggurat_b,
          nicolae_hell_entry_hellmouth_sunbeams, serial_shops, shop,
          hangedman_abyss_or_decor_lesser_grid, hangedman_abyss_entry_splay,
          minmay_protected_statue, minmay_shoptagon
Depths:2: hangedman_pleasuredromes, pan_entry, hell_entry, abyss_entry
Depths:3: minmay_big_diamond_grid, layout_basic, special_room
          [special_room_jelly], nicolae_twisty_statue_hallways, hell_entry,
          abyss_entry, onia_ninara_cookie, uniq_parghit
Depths:4: evilmike_zot_entry_basic, layout_cave_pools,
          pdpol_wu_jian_five_deadly_venoms, hell_entry,
          abyss_entry_small_statue_room, abandoned_shop,
          kilobyte_mutagenic_chamber
Hell
Zot:1:    layout_onion
Zot:2:    layout_misc_corridors, regret_index_zotdec_banners
Zot:3:    layout_cathedral_of_symmetry, regret_index_zotdec_split_disrupt,
          skrybe_zot_glass_2
Zot:4:    layout_cathedral_of_symmetry, regret_index_zotdec_wing_it,
          regret_index_zotdec_decaying_basic, uniq_tiamat
Zot:5:    layout_gridlike, nicolae_lava_and_water

Skill      XL: |  1  2  3  4  5  6  7  8  9 10 11 12 13 14 15 16 17 18 19 20 21 22 23 24 25 26 |
---------------+-------------------------------------------------------------------------------+-----
Spellcasting   | 3 4 6 8 10 14 16 | 16.5
Conjurations   | 5 6 7 9 11 13 14 15 | 15.8
Fighting       | 3 5 8 10 14 15 18 20 22 | 22.7
Translocations | 2 4 5 6 |  6.4
Alchemy        | 2 4 7 |  7.1
Shields        | 6 8 9 13 18 | 18.6
Evocations     | 4 6 10 11 | 11.9
Invocations    | 9 10 13 15 19 | 19.2
Polearms       | 6 |  6.0
Dodging        | 8 9 11 | 11.2
Earth Magic    | 1 5 12 15 19 24 27 | 27.0
Necromancy     | 6 |  6.0
Stealth        | 5 |  5.2
Fire Magic     | 7 |  7.3

Action                     |  1- 3 |  4- 6 |  7- 9 | 10-12 | 13-15 | 16-18 | 19-21 | 22-24 | 25-27 || total
---------------------------+-------+-------+-------+-------+-------+-------+-------+-------+-------++-------
  Melee: Unarmed           |     4 |     4 |       |       |       |       |       |       |       ||     8
         Tailslap          |     2 |     3 |     2 |    39 |    68 |    30 |     8 |     4 |     5 ||   161
         Dagger            |       |    25 |    14 |    14 |       |       |       |       |       ||    53
         Punch             |       |     1 |       |       |       |       |       |       |       ||     1
         Demon trident     |       |       |       |   174 |   436 |    63 |       |       |       ||   673
         Staff             |       |       |       |       |    32 |    45 |    27 |     9 |    11 ||   124
  Throw: Dart              |       |       |       |    13 |     8 |       |       |       |       ||    21
   Cast: Magic Dart        |    43 |       |       |     1 |       |       |       |       |       ||    44
         Searing Ray       |    18 |    33 |    85 |    71 |    59 |     5 |       |       |       ||   271
         Iskenderun's Myst |       |       |     8 |   153 |   398 |   288 |   157 |       |       ||  1004
         Fulminant Prism   |       |       |       |    36 |    90 |   191 |    78 |       |       ||   395
         Stone Arrow       |       |       |       |       |    16 |   209 |    43 |       |       ||   268
         Passage of Golubr |       |       |       |       |       |     3 |     2 |       |     1 ||     6
         Borgnjor's Vile C |       |       |       |       |       |   125 |   366 |     8 |     7 ||   506
         Lehudib's Crystal |       |       |       |       |       |     1 |    33 |    31 |    51 ||   116
         Blink             |       |       |       |       |       |     1 |       |       |       ||     1
         Bombard           |       |       |       |       |       |       |   125 |    68 |    67 ||   260
         Starburst         |       |       |       |       |       |       |    74 |     2 |     1 ||    77
         Eringya's Noxious |       |       |       |       |       |       |     2 |       |       ||     2
         Shatter           |       |       |       |       |       |       |    63 |   341 |   354 ||   758
         Disjunction       |       |       |       |       |       |       |       |     1 |       ||     1
         Maxwell's Capacit |       |       |       |       |       |       |       |       |     2 ||     2
 Invoke: Channel Magic     |       |       |       |     2 |     6 |     8 |    11 |     7 |     6 ||    40
         Divine Exegesis   |       |       |       |       |       |     1 |     1 |     1 |     2 ||     5
Ability: Mud Breath        |       |       |     2 |     3 |       |     2 |     1 |       |       ||     8
  Evoke: Wand              |       |       |       |     3 |    13 |       |     1 |       |     4 ||    21
         Condenser vane    |       |       |       |       |     1 |       |       |       |       ||     1
         Phantom mirror    |       |       |       |       |     1 |       |       |       |       ||     1
         Lightning rod     |       |       |       |       |       |     1 |       |       |     2 ||     3
         Box of beasts     |       |       |       |       |       |     1 |       |       |       ||     1
    Use: Scroll            |       |       |    14 |     7 |     6 |    10 |     9 |     7 |    12 ||    65
         Potion            |       |       |       |     2 |     7 |     5 |     3 |     3 |     3 ||    23
   Stab: Sleeping          |       |     1 |       |     3 |     1 |       |       |       |       ||     5
         Distracted        |       |       |       |     1 |     1 |       |       |       |       ||     2
 Armour: Skin              |    10 |    39 |   119 |   322 |   558 |   464 |   528 |   322 |   275 ||  2637
  Dodge: Dodged            |    15 |    28 |    65 |   268 |   395 |   283 |   273 |   128 |    69 ||  1524
         Repelled          |     3 |       |     1 |     4 |    23 |    48 |    53 |    26 |    67 ||   225
  Block: Buckler           |       |       |     3 |   147 |   329 |   259 |   196 |    97 |       ||  1031
         Kite shield       |       |       |       |       |       |       |       |    12 |   209 ||   221

Table legend: (Time is in decaauts)
 A = Elapsed time spent in this place.
 B = Non-inter-level travel time spent in this place.
 C = Inter-level travel time spent in this place.
 D = Time resting spent in this place.
 E = Time spent auto-exploring this place.
 F = Levels seen in this place.
 G = Mean time per level.
                   A        B        C        D        E       F      G
               +--------+--------+--------+--------+--------+-----+--------+
         Total | 142035 | 134591 |   7444 |  83167 |  35381 |  53 | 2679.9 |
       Dungeon |  26538 |  24055 |   2483 |   9380 |  11678 |  15 | 1769.2 |
        Temple |     63 |     46 |     17 |      0 |      0 |   1 |   63.0 |
          Lair |  10401 |   9746 |    655 |   4455 |   3896 |   5 | 2080.2 |
         Swamp |  11747 |  11391 |    356 |   7856 |   1900 |   4 | 2936.8 |
     Snake Pit |  16093 |  15508 |    585 |   9888 |   4001 |   4 | 4023.2 |
  Orcish Mines |   4002 |   3191 |    811 |   1379 |   1201 |   2 | 2001.0 |
   Elven Halls |   7722 |   7146 |    576 |   3740 |   1754 |   3 | 2574.0 |
        Vaults |  17599 |  16748 |    851 |   9108 |   5587 |   5 | 3519.8 |
         Crypt |     98 |     98 |      0 |     40 |      0 |   1 |   98.0 |
        Depths |  18256 |  17807 |    449 |  13857 |   2759 |   4 | 4564.0 |
          Hell |     33 |     33 |      0 |      0 |      0 |   1 |   33.0 |
           Zot |  24360 |  23704 |    656 |  19813 |   2258 |   5 | 4872.0 |
      Ice Cave |   3188 |   3188 |      0 |   2552 |     87 |   1 | 3188.0 |
       Volcano |    473 |    473 |      0 |    164 |    165 |   1 |  473.0 |
        Wizlab |   1456 |   1456 |      0 |    934 |     94 |   1 | 1456.0 |
               +--------+--------+--------+--------+--------+-----+--------+

Top non-repeatable levels by time:
 Snake:3: 7094 daAuts
   Zot:4: 6889 daAuts
Depths:2: 6827 daAuts
   Zot:3: 5969 daAuts
Depths:1: 5493 daAuts
   Zot:1: 5400 daAuts
Vaults:4: 4315 daAuts
Vaults:3: 4279 daAuts
 Snake:4: 4189 daAuts
Vaults:1: 4099 daAuts
   Orc:2: 3558 daAuts
   Elf:3: 3478 daAuts
 Swamp:4: 3471 daAuts
   Zot:5: 3315 daAuts
   IceCv: 3188 daAuts
